 Dungeon Crawl Stone Soup version 0.29.1-2-gbd0b4ee654 (webtiles) character file.

Game seed: 3394704719874345636

33 Sabo the Trooper (level 3, 29/29 HPs)
             Began as a Demonspawn Berserker on Nov 17, 2022.
             Was a Believer of Trog.
             Got out of the dungeon alive.
             The game lasted 00:03:58 (1036 turns).

Sabo the Trooper (Demonspawn Berserker)             Turns: 1036, Time: 00:03:59

Health: 29/29      AC:  5    Str: 19    XL:     3   Next: 12%
Magic:  3/3        EV: 11    Int:  8    God:    Trog [**....]
Gold:   21         SH:  0    Dex: 12    Spells: 2/2 levels left

rFire   . . .      SeeInvis .   k - +0 spear (venom)
rCold   . . .      Faith    .   (no shield)
rNeg    . . .      Spirit   .   c - +0 ring mail
rPois   .          Reflect  .   (helmet restricted)
rElec   .          Harm     .   (no cloak)
rCorr   .          Rampage  .   (no gloves)
Will    .....                   (no boots)
Stlth   +.........              (no amulet)
HPRegen 0.09/turn               (no ring)
MPRegen 0.08/turn               (no ring)

@: no status effects
A: hooves 1, horns 1
a: Renounce Religion, Berserk, Trog's Hand


You escaped.
You worshipped Trog.
Trog was pleased with you.
You visited 1 branch of the dungeon, and saw 1 of its levels.

You collected 21 gold pieces.

Inventory:

Hand Weapons
 a - a +0 hand axe
 e - a +0 sling
 k - a +0 spear of venom (weapon)
Armour
 c - a +0 ring mail (worn)
Scrolls
 i - a scroll of enchant weapon {unknown}
 j - a scroll of noise {unknown}
 l - a scroll of summoning {unknown}
 m - a scroll of butterflies {unknown}
Potions
 b - a potion of haste {unknown}
 d - a potion of magic {unknown}
 f - a potion of cancellation {unknown}
 g - a potion of curing {unknown}
 h - a potion of invisibility {unknown}


   Skills:
 + Level 3.4 Fighting
 + Level 3.2 Axes
 + Level 0.1(1.9) Polearms
 + Level 1.9 Armour
 + Level 2.1 Dodging


You had 2 spell levels left.
You didn't know any spells.
Your spell library was empty.

Dungeon Overview and Level Annotations

Branches:
Dungeon (1/15)

Altars:


Innate Abilities, Weirdness & Mutations

You have large cloven feet.
You have a pair of small horns on your head.


Message History

You kill the hobgoblin!
Trog accepts your kill.
You see here a hobgoblin corpse.
There is a faded altar of an unknown god here.
You open the door.
Found a club.
There is an open door here.
Found a scroll labelled UGOGIE ASOEFU.
m - a scroll labelled UGOGIE ASOEFU You see here 4 stones.
Found 5 stones.
An endoplasm comes into view.
The endoplasm quivers.
A hobgoblin comes into view.
The hobgoblin shouts!
A frilled lizard comes into view.
The frilled lizard hisses angrily.
You hit the endoplasm.
You kill the endoplasm!
Trog accepts your kill.
You hit the hobgoblin.
The hobgoblin is poisoned.
Your kick misses the hobgoblin.
The hobgoblin is severely wounded.
The hobgoblin misses you. The frilled lizard closely misses you.
You hit the hobgoblin but do no damage.
The hobgoblin is almost dead.
You kill the hobgoblin!
Trog accepts your kill.
The frilled lizard unfolds its giant frill.
The frilled lizard bites you but does no damage.
The frilled lizard closely misses you.
You hit the frilled lizard but do no damage.
The frilled lizard is poisoned.
The frilled lizard barely misses you.
You miss the frilled lizard.
You kill the frilled lizard!
Trog accepts your kill.
There is a staircase leading out of the dungeon here.
You can't go down here!
Are you sure you want to leave the Dungeon?
This will make you lose the game!
You have escaped!

......# #.§≈(≈§§#
#...### #######
#.≈≈>≈≈.# #....#
#.≈≈§≈≈.#######.#.##
#.§§§≈≈.#.......#.#
#..≈§§..#.#####.#.#
#.§.§...#.#####.#.#
#.......#......##.#
#.......######.##.#
##..@..## #.##.#
####### #.##.#
#....# ######


There were no monsters in sight!

Vanquished Creatures
  A dart slug (D:1)
  4 endoplasms (D:1)
  2 goblins (D:1)
  4 hobgoblins (D:1)
  A quokka (D:1)
  3 ball pythons (D:1)
  5 bats (D:1)
  4 frilled lizards (D:1)
  3 kobolds (D:1)
  3 rats (D:1)
30 creatures vanquished.

Notes
Turn   | Place    | Note
-------+----------+-------------------------------------------
     0 | D:1      | Sabo the Demonspawn Berserker began the quest for the Orb.
     0 | D:1      | Reached XP level 1. HP: 18/18 MP: 1/1
   313 | D:1      | Discovered your monstrous ancestry.
   313 | D:1      | Gained mutation: You have large cloven feet. [demonic
                  | ancestry]
   313 | D:1      | Reached XP level 2. HP: 24/24 MP: 2/2
   629 | D:1      | Reached ** piety under Trog
   804 | D:1      | Gained mutation: You have a pair of small horns on your
                  | head. [demonic ancestry]
   804 | D:1      | Reached XP level 3. HP: 21/29 MP: 3/3
   912 | D:1      | Found a faded altar of an unknown god.
  1036 | D:$      | Got out of the dungeon alive.

Illustrated notes

Levels and vault maps discovered:
D:1:      lemuel_arrival_lava_pool, layout_basic,
          dreamdust_ecumenical_altar_angels_and_demons, minmay_hexomino_u4

Skill      XL: |  1  2 |
---------------+-------+-----
Axes           | 3 |  3.2
Dodging        | 2 |  2.1
Fighting       | |  3.4
Polearms       | |  0.1
Armour         | |  1.9

Action                   || total
-------------------------++-------
Melee: Hand axe          ||    35
       Spear             ||    23
       Kick              ||     6
Armor: Animal skin       ||     3
       Ring mail         ||    28
Dodge: Dodged            ||    42
